 Dungeon Crawl Stone Soup version 0.27-a0-409-gd57800a693 (webtiles) character file.

Game seed: 8003670263830394537

1357 Chiseanne the Skirmisher (level 8, 56/67 HPs)
             Began as a Demonspawn Wanderer on Feb 23, 2021.
             Quit the game on level 9 of the Dungeon.
             The game lasted 00:08:42 (5705 turns).

Chiseanne the Skirmisher (Demonspawn Wanderer)      Turns: 5705, Time: 00:08:43

Health: 56/67      AC: 10    Str: 11    XL:     8   Next: 37%
Magic:  8/8        EV: 13    Int: 13    God:
Gold:   300        SH:  0    Dex: 17    Spells: 7/7 levels left

rFire    . . .     SeeInvis .   a - +6 falchion
rCold    . . .     Faith    +   (no shield)
rNeg     . . .     Spirit   +   g - +0 ring mail
rPois    .         Reflect  .   (no helmet)
rElec    .         Harm     .   o - +1 cloak
rCorr    .         Rampage  .   (no gloves)
Will     +....                  (no boots)
Stlth    +.........             r - amulet of faith
HPRegen  0.21/turn              c - ring of willpower
MPRegen  0.22/turn              (no ring)

@: no status effects
A: hooves 1, icy blue scales 1, foul stench 1, magic shield, magic regeneration
a: no special abilities


You were on level 9 of the Dungeon.
You visited 1 branch of the dungeon, and saw 7 of its levels.

You collected 300 gold pieces.

Inventory:

Hand Weapons
 a - a +6 falchion (weapon)
 s - a +1 dagger of speed
Missiles
 e - 17 bolts
 i - 80 arrows
 k - 23 sling bullets
 t - a boomerang of dispersal
 w - 6 boomerangs
 y - 24 poisoned darts (quivered)
Armour
 g - a +0 ring mail (worn)
 o - a +1 cloak (worn)
Jewellery
 c - a ring of willpower (left hand)
 r - an amulet of faith (around neck)
 z - an amulet of reflection {unknown}
Scrolls
 b - 2 scrolls of teleportation
 d - a scroll of identify
 l - 2 scrolls of brand weapon {unknown}
 p - a scroll of fear
Potions
 f - a potion of curing
 h - a potion of heal wounds {unknown}
 j - a potion of haste {unknown}
 m - 2 potions of berserk rage {unknown}
 n - a potion of brilliance
 v - a potion of attraction {unknown}
 x - a potion of mutation {unknown}


   Skills:
 * Level 7.2 Fighting
 - Level 2.6 Long Blades
 * Level 5.0 Armour
 * Level 5.4 Dodging
 - Level 2.0 Evocations


You had 7 spell levels left.
You didn't know any spells.
Your spell library contained the following spells:

 Spells                   Type           Power        Failure   Level
 Corona                   Hex            0%           56%         1
 Ensorcelled Hibernation  Hex/Ice        0%           71%         2
 Confusing Touch          Hex            0%           90%         3
 Dazzling Flash           Conj/Hex       0%           90%         3
 Gell's Gravitas          Tloc           0%           90%         3
 Tukima's Dance           Hex            0%           90%         3
 Petrify                  Tmut/Erth      0%           100%        4
 Metabolic Englaciation   Hex/Ice        0%           100%        5
 Yara's Violent Unravell  Hex/Tmut       0%           100%        5


Dungeon Overview and Level Annotations

Branches:
Dungeon (9/15)
 Temple: D:4-7         Lair: D:8-11         Orc: D:9-12

Altars:
Ashenzari
Fedhas
Kikubaaqudgha
Makhleb
Nemelex Xobeh
Okawaru
Qazlal
Trog
Uskayaw
Yredelemnul
Zin

Annotations:
D:8 Maurice


Innate Abilities, Weirdness & Mutations

You have large cloven feet.
You are partially covered in icy blue scales. (AC +2)
You may rarely emit foul miasma when damaged in melee.
When hurt, damage is shared between your health and your magic reserves.
You regenerate magic rapidly.


Message History

You feel strangely unstable.
Your surroundings suddenly seem different.
A black bear comes into view.
The black bear growls angrily.
You hear a shout!
Maurice the Thief comes into view.
He is wielding a +0 dagger and carrying a wand of acid (10).
Maurice casts a spell at himself.
Maurice flickers and vanishes!
Deactivating autopickup; reactivate with Ctrl-A.
There is a stone staircase leading down here.
You climb downwards.
You hear the roar of battle.
There is an entrance to a bailey on this level.
Hurry and find it before the portal closes forever!
Reactivating autopickup.
An ice beast comes into view.
Found a scroll of fear and a whip.
There is a stone staircase leading up here.
It was a potion of brilliance.
You feel clever all of a sudden.
The ice beast hits you but does no damage.
You barely miss the ice beast. You kick the ice beast.
The ice beast is lightly wounded.
The ice beast completely misses you.
You hit the ice beast.
The ice beast is moderately wounded.
The ice beast hits you but does no damage.
You slash the ice beast! Your kick misses the ice beast.
The ice beast is heavily wounded.
The ice beast closely misses you.
You slash the ice beast!
You kick the ice beast, but do no damage.
The ice beast is almost dead.
The ice beast closely misses you.
You riposte.
You slash the ice beast!
You kill the ice beast!
Your Armour skill increases to level 5!
p - a scroll of fear You hear the faint creaking of a distant portcullis.
You feel a little less clever now.
You hear the faint creaking of a distant portcullis.
You hear the faint creaking of a distant portcullis.
Are you sure you want to abandon this character and quit the game? (Confirm with "yes".)

##########
#........
#.....#
#..<..#
#.....#
#...@.+
#.....#
#.....+
#....)#
#.....#
#.#+### #.
#.


There were no monsters in sight!

Vanquished Creatures
  A water moccasin (D:8)
  Duvessa (D:5)
  An ice beast (D:9)
  An ogre (D:4)
  2 centaurs
  3 phantoms
  A bullfrog (D:8)
  Dowan (D:5)
  2 scorpions
  An orc priest (D:5)
  A centaur skeleton (D:8)
  3 worker ants (D:8)
  2 orc wizards (D:5)
  9 adders
  A white imp (D:8)
  An ufetubus (D:8)
  An ooze (D:4)
  A worm (D:2)
  A dart slug (D:2)
  3 leopard geckos
  7 orcs
  5 bats
  3 giant cockroaches
  5 goblins
  5 hobgoblins
  17 jackals
  8 kobolds
  7 quokkas
  2 ball pythons (D:2)
  10 frilled lizards
  9 rats
115 creatures vanquished.

Notes
Turn   | Place    | Note
-------+----------+-------------------------------------------
     0 | D:1      | Chiseanne the Demonspawn Wanderer began the quest for the
                  | Orb.
     0 | D:1      | Chiseanne set off with the following items: a +2 falchion,
                  | 2 scrolls of teleportation, a +0 robe
     0 | D:1      | Reached XP level 1. HP: 19/19 MP: 1/1
     2 | D:1      | Noticed a naga
     2 | D:1      | Noticed a halfling
     4 | D:1      | Noticed a vampire
     4 | D:1      | Noticed a felid
     6 | D:1      | Noticed a draconian
     6 | D:1      | Noticed a ghoul
     8 | D:1      | Noticed a human
     8 | D:1      | Noticed a spriggan
    10 | D:1      | Noticed a tengu
    12 | D:1      | Noticed a minotaur
    12 | D:1      | Noticed a merfolk
    14 | D:1      | Noticed a centaur
    16 | D:1      | Noticed a demonspawn
    16 | D:1      | Noticed a formicid
    18 | D:1      | Noticed a gargoyle
    20 | D:1      | Noticed a dwarf
    22 | D:1      | Noticed an elf
    22 | D:1      | Noticed a demigod
    24 | D:1      | Noticed a troll
    24 | D:1      | Noticed an ogre
    26 | D:1      | Noticed an octopode
    26 | D:1      | Noticed a vine stalker
    56 | D:1      | Gained mutation: You regenerate magic rapidly. [demonic
                  | ancestry]
    56 | D:1      | Reached XP level 2. HP: 1/25 MP: 2/2
    57 | D:1      | HP: 1/25 [kobold (1)]
   818 | D:1      | Reached XP level 3. HP: 21/31 MP: 3/3
  1134 | D:2      | Found a glowing silver altar of Zin.
  1139 | D:2      | Reached skill level 1 in Armour
  1445 | D:2      | Found a sparkling altar of Nemelex Xobeh.
  1577 | D:2      | Found a broken altar of Ashenzari.
  1641 | D:2      | Gained mutation: You may rarely emit foul miasma when
                  | damaged in melee. [demonic ancestry]
  1641 | D:2      | Reached XP level 4. HP: 22/38 MP: 4/4
  1862 | D:2      | Found a bloodstained altar of Trog.
  2750 | D:3      | Reached skill level 5 in Fighting
  2876 | D:3      | Reached XP level 5. HP: 42/44 MP: 5/5
  3314 | D:3      | Found an ancient bone altar of Kikubaaqudgha.
  3314 | D:3      | Found a blossoming altar of Fedhas.
  3372 | D:3      | Found a burning altar of Makhleb.
  3857 | D:4      | Found a basalt altar of Yredelemnul.
  3864 | D:4      | Found a stormy altar of Qazlal.
  3869 | D:4      | Found a hide-covered altar of Uskayaw.
  4042 | D:4      | Found an iron altar of Okawaru.
  4061 | D:4      | Noticed an ogre
  4068 | D:4      | Killed an ogre
  4069 | D:4      | Gained mutation: When hurt, damage is shared between your
                  | health and your magic reserves. [demonic ancestry]
  4069 | D:4      | Reached XP level 6. HP: 37/51 MP: 6/6
  4323 | D:5      | Entered Level 5 of the Dungeon
  4365 | D:5      | Noticed Duvessa
  4365 | D:5      | Noticed Dowan
  4389 | D:5      | Killed Duvessa
  4397 | D:5      | Killed Dowan
  4398 | D:5      | Reached skill level 6 in Fighting
  4398 | D:5      | Gained mutation: You are partially covered in icy blue
                  | scales. (AC +2) [demonic ancestry]
  4398 | D:5      | Reached XP level 7. HP: 35/58 MP: 4/7
  5091 | D:5      | You fall into a shaft and drop 3 floors!
  5174 | D:8      | Gained mutation: You have large cloven feet. [demonic
                  | ancestry]
  5174 | D:8      | Reached XP level 8. HP: 41/65 MP: 6/8
  5175 | D:8      | Reached skill level 5 in Dodging
  5342 | D:8      | Reached skill level 7 in Fighting
  5526 | D:8      | Noticed a two-headed ogre
  5550 | D:8      | Noticed Maurice
  5559 | D:9      | Reached skill level 5 in Armour
  5705 | D:9      | Quit the game

Illustrated notes

Levels and vault maps discovered:
D:1:      kb_arrival_jail, layout_basic, minmay_misc_feat_rows,
          minmay_pentomino_w4
D:2:      layout_loops_corners, ashenzari_altar_1,
          nicolae_overflow_crystal_walls, old_standard_altar,
          amcnicky_mini_corridor_feature, nemelex_spade_bored_becter
D:3:      layout_basic, grunt_temple_overflow_growth_and_decay,
          lightli_temple_of_fire, st_stairs_4
D:4:      layout_rooms, kennysheep_okawaru_gauntlet,
          minmay_overflow_temple_star_quad, minmay_misc_feat_ornament,
          kennysheep_crisscross
D:5:      layout_layer_cave, serial_shops, nicolae_shop_waterfront, uniq_duvessa
D:8:      layout_cave_pools, uniq_maurice
D:9:      layout_basic, enter_bailey_5

Skill      XL: |  1  2  3  4  5  6  7  8 |
---------------+-------------------------+-----
Dodging        | 2 3 4 5 |  5.4
Armour         | 1 2 3 4 5 |  5.0
Fighting       | 5 6 7 |  7.2
Long Blades    | |  2.6
Evocations     | |  2.0

Action                   |  1- 3 |  4- 6 |  7- 9 || total
-------------------------+-------+-------+-------++-------
Melee: Falchion          |   115 |   111 |   102 ||   328
       Kick              |       |       |     9 ||     9
Throw: Boomerang         |       |     3 |       ||     3
       Dart              |       |       |     5 ||     5
  Use: Scroll            |     5 |     6 |     2 ||    13
       Potion            |       |     3 |     1 ||     4
 Stab: Sleeping          |     1 |       |       ||     1
Armor: Robe              |     3 |       |       ||     3
       Ring mail         |    33 |    47 |    48 ||   128
       Skin              |       |     6 |    10 ||    16
Dodge: Dodged            |    87 |    80 |    69 ||   236
       Rpst.: Falchion   |    27 |    23 |    26 ||    76

Table legend: (Time is in decaauts)
 A = Elapsed time spent in this place.
 B = Non-inter-level travel time spent in this place.
 C = Inter-level travel time spent in this place.
 D = Time resting spent in this place.
 E = Time spent auto-exploring this place.
 F = Levels seen in this place.
 G = Mean time per level.
                   A        B        C        D        E       F      G
               +--------+--------+--------+--------+--------+-----+--------+
         Total |   5757 |   5675 |     82 |   1875 |   2973 |   7 |  822.4 |
       Dungeon |   5757 |   5675 |     82 |   1875 |   2973 |   7 |  822.4 |
               +--------+--------+--------+--------+--------+-----+--------+

Top non-repeatable levels by time:
     D:2: 1600 daAuts
     D:1: 1058 daAuts
     D:3: 901 daAuts
     D:4: 796 daAuts
     D:5: 778 daAuts
     D:8: 470 daAuts
     D:9: 152 daAuts
